 Dungeon Crawl Stone Soup version 0.29.1-2-gbd0b4ee654 (webtiles) character file.

Game seed: 3086665003783751954

16 Icepheonix32 the Insei (level 2, 0/33 HPs)
             Began as a Demigod Transmuter on Nov 7, 2022.
             Slain by a bat (1 damage)
             ... on level 1 of the Dungeon.
             The game lasted 00:00:36 (438 turns).

Icepheonix32 the Insei (Demigod Transmuter)          Turns: 438, Time: 00:00:37

Health: 0/33       AC: 21    Str: 11    XL:     2   Next: 24%
Magic:  7/7        EV:  2    Int: 15    God:
Gold:   0          SH:  0    Dex: 14    Spells: 4/5 levels left

rFire   . . .      SeeInvis .     - Unarmed
rCold   . . .      Faith    .   (no shield)
rNeg    . . .      Spirit   .   (body armour currently unavailable)
rPois   +          Reflect  .   (helmet currently unavailable)
rElec   .          Harm     .   (cloak currently unavailable)
rCorr   .          Rampage  .   (gloves currently unavailable)
Will    .....      NoTele   +   (boots currently unavailable)
Stlth   +.........              (no amulet)
HPRegen 0.11/turn               (no ring)
MPRegen 0.10/turn               (no ring)

@: tree-form
A: stationary, stasis, torment immunity, boosted hp, high MP 1, forlorn, divine
attributes
a: no special abilities


You were on level 1 of the Dungeon.
You were a tree.
You visited 1 branch of the dungeon, and saw 1 of its levels.

Inventory:

Armour
 a - a +0 robe (melded)
Scrolls
 c - a scroll of poison {unknown}


   Skills:
 + Level 0.9 Fighting
 + Level 1.9 Dodging
 + Level 3.0 Unarmed Combat
 + Level 2.0 Spellcasting
 * Level 2.0 Transmutations


You had 4 spell levels left.
You knew the following spells:

 Your Spells              Type           Power      Damage    Failure   Level
a - Beastly Appendage     Tmut           14%        N/A       10%         1

Your spell library contained the following spells:

 Spells                   Type           Power      Damage    Failure   Level
 Wereblood                Tmut           7%         N/A       14%         2
 Spider Form              Tmut/Pois      4%         N/A       41%         3
 Gell's Gravitas          Tloc           1%         N/A       54%         3
 Teleport Other           Tloc           1%         N/A       54%         3
 Ice Form                 Ice/Tmut       4%         N/A       82%         4
 Dispersal                Tloc           0%         N/A       100%        6


Dungeon Overview and Level Annotations

Branches:
Dungeon (1/15)


Innate Abilities, Weirdness & Mutations

You are a tree.
Your roots penetrate the ground, keeping you stationary.
You cannot be teleported.
You are immune to unholy pain and torment.
Your maximum health is greatly increased.
Your equipment is partially melded.
You have an increased reservoir of magic. (+10% MP)
You shall have no god before yourself.
Your divine heritage dramatically boosts your attributes as you level up.


Message History

A hobgoblin comes into view.
The kobold barely misses you.
Really quaff the potion of lignification?
Uppercase [Y]es or [N]o only, please.
Really quaff the potion of lignification?
Your horns disappear.
Your talons disappear.
You turn into a tree.
Your +0 robe melds into your body.
Your roots penetrate the ground.
The hobgoblin shouts!
The bat barely misses you. The kobold hits you but does no damage.
Unknown command.
You hit the kobold.
The kobold is severely wounded.
The bat hits you but does no damage. x2
The kobold hits you but does no damage.
A dart slug comes into view.
The kobold hits you but does no damage.
You smack the kobold!
You kill the kobold!
The bat hits you.
* * * LOW HITPOINT WARNING * * *
You cannot move.
Unknown command.
You smack the hobgoblin!
You kill the hobgoblin!
The bat hits you but does no damage.
Your Unarmed Combat skill increases to level 3!
You cannot move.
Unknown command.
You barely miss the bat. The bat hits you but does no damage.
You hit the dart slug.
The dart slug is severely wounded.
The bat hits you.
* * * LOW HITPOINT WARNING * * *
You smack the dart slug!
You kill the dart slug!
The bat hits you but does no damage.
You cannot move.
The bat hits you but does no damage. The bat hits you.
You die...

#P .. ## #.#... +.
#.#.... ## #......
.. #P ...
#..##.##### ... #P
#.####..#..#.#)#...!
##
#.#.....##..#.....#
# #.#.#.##..#.#b♣)##
###.#.#.#...##..)#$#
..#.#.#.#...)..#..##
#.#.#.#.#...#$#)#.[#
#.#.#.#.....#####.##
#.#.#.#......... ..
#.#.#.#......#.# ##.
................. .#
#.#.#.#......#.## #


You could see a bat.

Vanquished Creatures
  A dart slug (D:1)
  A goblin (D:1)
  2 hobgoblins (D:1)
  2 ball pythons (D:1)
  A bat (D:1)
  5 kobolds (D:1)
  2 rats (D:1)
14 creatures vanquished.

Notes
Turn   | Place    | Note
-------+----------+-------------------------------------------
     0 | D:1      | Icepheonix32 the Demigod Transmuter began the quest for the
                  | Orb.
     0 | D:1      | Reached XP level 1. HP: 15/15 MP: 5/5
   429 | D:1      | Reached XP level 2. HP: 4/22 MP: 7/7
   429 | D:1      | HP: 1/22 [kobold/+0 whip (3)]
   434 | D:1      | Reached skill level 3 in Unarmed Combat
   436 | D:1      | HP: 1/33 [bat (1)]
   438 | D:1      | Slain by a bat

Illustrated notes

Levels and vault maps discovered:
D:1:      psy_arrival_terrarium, layout_basic, minmay_octomino_e4

Skill      XL: |  1  2 |
---------------+-------+-----
Spellcasting   | 2 |  2.0
Transmutations | 2 |  2.0
Unarmed Combat | 3 |  3.0
Fighting       | |  0.9
Dodging        | |  1.9

Action                   || total
-------------------------++-------
Melee: Unarmed           ||    31
       Kick              ||     6
       Headbutt          ||     2
 Cast: Beastly Appendage ||     6
  Use: Potion            ||     1
Armor: Robe              ||     8
       Skin              ||     9
Dodge: Dodged            ||    25
